Map: [ESL] Tropical Sacrifice

Players

Creator

  • Race: Protoss Protoss
  • Spawn Location: 7:00

Astrea - Winner!

  • Race: Protoss Protoss
  • Spawn Location: 1:00

Event: DreamHack SC2 Masters 2022 Valencia

VOD

Have the link to the VOD?

Description

Time

  • Played on: July 1, 2022, 1:52 p.m.
  • Length: 13:23

All games in this series

Show
View Real Time Build Order
Export as new Build Order

Creator Protoss 

Build Orders: Oracle Opening 

Get SALT Encoding   

  12  0:00  Probe  
  13  0:12  Probe  
  14  0:20  Pylon  
  14  0:24  Probe  
  15  0:38  Probe (Chrono Boost)  
  15  0:42  Gateway  
  16  0:47  Probe (Chrono Boost), Assimilator  
  17  0:52  Probe (Chrono Boost)  
  18  1:01  Assimilator  
  18  1:04  Probe (Chrono Boost)  
  19  1:11  Pylon  
  19  1:16  Probe (Chrono Boost)  
  20  1:21  Probe (Chrono Boost)  
  21  1:29  Cybernetics Core  
  21  1:31  Zealot  
  23  1:34  Probe  
  24  1:46  Probe  
  25  1:58  Probe  
  26  2:05  Stargate  
  28  2:20  Nexus  
  28  2:33  Pylon  
  28  2:36  Probe  
  28  2:40  Stalker  
  28  2:42  Warp Gate  
  28  2:47  Oracle (Chrono Boost)  
  31  2:55  Probe  
  32  3:07  Probe  
  32  3:11  Shield Battery  
  33  3:14  Stalker  
  33  3:19  Probe  
  36  3:33  Probe, Gateway  
  37  3:35  Probe  
  42  3:51  Void Ray  
  42  3:53  Probe  
  42  3:54  Probe  
  44  4:01  Twilight Council  
  44  4:06  Probe x2 (Chrono Boost)  
  44  4:08  Pylon  
  48  4:17  Probe x2 (Chrono Boost)  
  48  4:22  Probe x2 (Chrono Boost)  
  50  4:27  Pylon  
  50  4:30  Adept x2  
  54  4:33  Blink (Chrono Boost)  
  54  4:35  Probe  
  54  4:36  Probe  
  56  4:46  Gateway  
  56  4:53  Stalker  
  56  4:54  Stalker  
  56  4:56  Probe  
  56  4:59  Probe  
  62  5:18  Probe x2  
  62  5:20  Stalker x2  
  66  5:22  Pylon  
  66  5:32  Nexus, Gateway  
  66  5:33  Pylon  
  66  5:35  Assimilator  
  66  5:43  Stalker x2  
  66  5:49  Stalker  
  72  5:51  Probe x2  
  74  5:57  Pylon  
  74  6:05  Probe x2  
  74  6:08  Stalker  
  78  6:14  Pylon  
  76  6:22  Stalker x2  
  76  6:24  Pylon  
  80  6:27  Pylon  
  80  6:30  Stalker  
  80  6:31  Probe x2  
  83  6:34  Stalker  
  83  6:38  Pylon  
  85  6:40  Forge  
  85  6:48  Stalker x2  
  89  6:55  Shield Battery  
  89  6:58  Stalker  
  91  7:03  Probe x3  
  91  7:07  Robotics Facility  
  94  7:15  Stalker x3  
  100  7:20  Protoss Ground Weapons Level 1 (Chrono Boost), Probe x2  
  100  7:21  Probe  
  103  7:24  Stalker  
  103  7:28  Shield Battery  
  103  7:29  Gateway  
  103  7:43  Stalker x3  
  109  7:49  Pylon x2  
  105  8:02  Probe x3 (Chrono Boost)  
  105  8:04  Charge  
  105  8:05  Stalker  
  102  8:07  Observer (Chrono Boost)  
  102  8:11  Gateway  
  102  8:12  Gateway, Assimilator  
  103  8:14  Probe (Chrono Boost)  
  103  8:15  Probe (Chrono Boost), Gateway, Assimilator  
  103  8:18  Probe (Chrono Boost)  
  106  8:21  Probe (Chrono Boost)  
  106  8:22  Immortal  
  106  8:26  Zealot  
  113  8:29  Adept x2  
  113  8:31  Shield Battery  
  113  8:32  Shield Battery  
  117  8:37  Adept, Zealot  
  117  8:41  Pylon  
  121  8:54  Stalker x2  
  121  8:59  Adept x2  
  121  9:06  Zealot x2  
  121  9:07  Pylon  
  121  9:18  Immortal (Chrono Boost)  
  121  9:21  Assimilator  
  121  9:24  Assimilator  
  121  9:27  Zealot x6  
  133  9:31  Stalker  
  133  9:33  Sentry  
  137  9:40  Shield Battery  
  137  9:45  Pylon  
  137  9:46  Pylon  
  137  9:47  Adept x2  
  141  9:55  Templar Archives  
  141  9:58  Warp Prism (Chrono Boost)  
  139  10:20  Stalker  
  139  10:21  Stalker x2  
  145  10:24  Nexus  
  145  10:25  Stalker  
  147  10:28  Stalker  
  147  10:31  Stalker x3  
  145  10:53  High Templar x2, Zealot x3  
  145  10:55  Zealot  
  145  10:56  Zealot  
  157  10:57  Archon  
  113  11:17  Stalker x4  
  113  11:18  Stalker  
  111  11:37  Zealot  
  111  11:38  Zealot  
  104  11:55  High Templar x2, Zealot  
  104  11:59  Archon  
  105  12:04  Zealot x2  
Show
View Real Time Build Order
Export as new Build Order

Astrea Protoss - Winner!

Build Orders: Phoenix Opening 

Get SALT Encoding   

  12  0:00  Probe  
  13  0:12  Probe  
  14  0:18  Pylon  
  14  0:24  Probe (Chrono Boost)  
  15  0:36  Probe (Chrono Boost)  
  15  0:38  Gateway  
  16  0:45  Probe (Chrono Boost)  
  16  0:47  Assimilator  
  17  0:51  Probe  
  18  1:03  Probe  
  19  1:15  Probe  
  20  1:18  Pylon  
  20  1:27  Probe, Cybernetics Core  
  21  1:47  Nexus  
  21  1:49  Probe  
  21  1:53  Assimilator  
  22  2:01  Warp Gate (Chrono Boost), Probe  
  23  2:07  Stalker (Chrono Boost)  
  23  2:13  Probe  
  26  2:25  Probe  
  27  2:31  Sentry  
  29  2:37  Probe  
  29  2:40  Gateway  
  29  2:43  Gateway  
  30  2:52  Shield Battery  
  30  2:54  Probe  
  31  3:03  Probe  
  32  3:06  Probe  
  32  3:09  Pylon  
  33  3:19  Probe  
  35  3:20  Pylon  
  35  3:21  Shield Battery  
  35  3:24  Probe  
  34  3:29  Phoenix  
  34  3:31  Probe  
  35  3:36  Probe  
  36  3:44  Probe  
  36  3:49  Probe (Chrono Boost)  
  36  3:55  Twilight Council  
  35  3:57  Probe (Chrono Boost)  
  35  4:01  Probe (Chrono Boost)  
  37  4:03  Stalker  
  37  4:05  Stalker  
  37  4:07  Probe (Chrono Boost)  
  37  4:08  Probe (Chrono Boost)  
  43  4:13  Stalker  
  45  4:17  Pylon  
  45  4:20  Probe  
  45  4:23  Blink (Chrono Boost)  
  46  4:38  Nexus  
  46  4:42  Stalker  
  48  4:47  Probe x2  
  50  4:53  Robotics Facility  
  50  4:59  Probe x2  
  52  5:01  Pylon  
  52  5:02  Stalker  
  54  5:13  Probe  
  54  5:19  Probe  
  55  5:25  Stalker x3, Probe  
  55  5:27  Assimilator  
  62  5:33  Pylon x2  
  62  5:50  Stalker x3, Observer, Probe x2  
  62  5:51  Probe  
  72  6:02  Probe x2  
  72  6:03  Probe  
  75  6:08  Charge, Phoenix  
  75  6:14  Probe x2  
  77  6:18  Probe  
  77  6:23  Observer, Gateway  
  77  6:24  Gateway  
  79  6:26  Probe  
  79  6:28  Probe  
  79  6:31  Gateway  
  81  6:35  Gateway  
  81  6:36  Gateway  
  82  6:40  Probe  
  82  6:42  Nexus  
  82  6:45  Observer  
  83  6:50  Probe  
  83  6:52  Stalker x2  
  83  6:53  Stalker  
  90  7:02  Pylon  
  90  7:04  Pylon  
  90  7:06  Warp Prism  
  92  7:21  Stalker x4  
  92  7:37  Stalker x4  
  94  7:45  Zealot x4  
  94  7:47  Observer  
  94  8:01  Zealot x4  
  94  8:02  Probe x3  
  94  8:03  Probe  
  104  8:06  Stalker x4  
  104  8:07  Forge  
  112  8:24  Zealot x4  
  112  8:27  Pylon  
  120  8:28  Pylon x2  
  120  8:36  Zealot x2  
  124  8:47  Observer, Zealot x5  
  124  8:48  Zealot  
  134  8:57  Probe  
  134  8:58  Probe x3  
  138  9:04  Observer  
  129  9:10  Probe x3  
  129  9:12  Zealot x2  
  129  9:13  Zealot x6  
  129  9:15  Protoss Ground Weapons Level 1 (Chrono Boost)  
  145  9:23  Shield Battery  
  144  9:30  Probe x4  
  148  9:35  Pylon, Gateway  
  148  9:36  Templar Archives  
  148  9:37  Pylon, Gateway  
  148  9:46  Photon Cannon  
  148  9:53  Zealot x3  
  148  9:54  Zealot  
  148  9:57  Pylon x2  
  156  10:02  Zealot x4  
  163  10:09  Observer  
  163  10:16  Pylon  
  163  10:17  Pylon  
  163  10:18  Pylon, Gateway  
  163  10:20  High Templar x4  
  171  10:22  Zealot x2  
  171  10:23  Zealot x2  
  171  10:24  Archon x2  
  179  10:36  Pylon  
  179  10:38  Zealot x2  
  179  10:39  Pylon  
  169  10:59  Zealot x10  
  153  11:17  High Templar x4  
  153  11:18  Zealot x6  
  164  11:22  Archon  
  164  11:23  Archon  
  164  11:24  Zealot  
  164  11:30  Nexus  
  158  11:35  Zealot  
  158  11:36  Zealot x4  
  166  11:48  Zealot x6  
  176  11:59  High Templar x2  
  176  12:00  Zealot x3  
  184  12:04  Archon  
  182  12:10  Observer  
  178  12:16  High Templar, Zealot x4  
  182  12:38  Pylon  
  182  12:42  Pylon  
  175  12:46  Zealot x5  
  163  13:04  Zealot x4  
  137  13:16  Zealot x2  

Tags
 
Add a new tag
Caveats
  • Supply blocks, unpowered buildings, or Contaminate may cause inaccurate times.
  • Supply counts are checked every 10 seconds.